 Dungeon Crawl Stone Soup version 0.29-a0-418-gc0181ea820 (webtiles) character file.

Game seed: 2885555201688342732

3989 xian the Slinger (level 10, -3/141 HPs)
             Began as a Naga Berserker on May 18, 2022.
             Was an Elder of Trog.
             Slain by an eight-headed hydra (12 damage)
             ... on level 9 of the Dungeon.
             The game lasted 00:28:55 (7871 turns).

xian the Slinger (Naga Berserker)                   Turns: 7871, Time: 00:28:55

Health: -3/141     AC: 10    Str: 23    XL:     10   Next: 22%
Magic:  10/10      EV: 14    Int:  9    God:    Trog [****..]
Gold:   609        SH:  0    Dex: 13    Spells: 9/9 levels left

rFire   . . .      SeeInvis +   t - +0 long sword of Dismay {spect, Dex+3}
rCold   . . .      Faith    .   (no shield)
rNeg    . . .      Spirit   .   b - +0 animal skin
rPois   +          Reflect  .   C - +0 helmet
rElec   .          Harm     .   v - scarf {repulsion}
rCorr   .          Rampage  .   r - +0 pair of gloves
Will    +....                   (no barding)
Stlth   ..........              e - amulet of magic regeneration
HPRegen 0.33/turn               c - +4 ring of protection
MPRegen 0.52/turn               E - +4 ring of evasion

@: berserking (expiring), repel missiles, quick
A: AC +3, large, see invisible, deformed body, poison resistance, slowness 2,
spit poison 1, naga tail 1
a: Spit Poison, Renounce Religion, Berserk, Trog's Hand, Brothers in Arms


You were on level 9 of the Dungeon.
You worshipped Trog.
Trog was greatly pleased with you.
You visited 1 branch of the dungeon, and saw 9 of its levels.

You collected 609 gold pieces.

Inventory:

Hand Weapons
 n - a +2 longbow of flaming
 p - a +0 dagger of draining
 t - the +0 long sword of Dismay (weapon) {spect, Dex+3}
   (You found it on level 4 of the Dungeon)

   When its wielder attacks, the weapon's spirit leaps out and strikes again.
   The spirit shares a part of any damage it takes with its wielder.
   Dex:       It affects your dexterity (+3).
 A - the +9 hunting sling "Acithyts" {venom, rCorr}
   (You took it off a kobold on level 5 of the Dungeon)

   Any ammunition fired from it poisons the flesh of those it strikes.
   rCorr:     It protects you from acid and corrosion.
Missiles
 K - 2 throwing nets
Armour
 b - a +0 animal skin (worn)
 r - a +0 pair of gloves (worn)
 v - a scarf of repulsion (worn)
 C - a +0 helmet (worn)
Jewellery
 c - a +4 ring of protection (left hand)
 e - an amulet of magic regeneration (around neck)
 s - a +4 ring of protection
 E - a +4 ring of evasion (right hand)
 G - a ring of protection from fire
Wands
 a - a wand of digging (13)
 u - a wand of acid (10)
 x - a wand of paralysis (4)
 y - a wand of polymorph (11)
Scrolls
 g - 4 scrolls of teleportation {unknown}
 k - 11 scrolls of identify {unknown}
 l - a scroll of fear {unknown}
 q - 3 scrolls of blinking {unknown}
 w - 2 scrolls of enchant armour {unknown}
 B - a scroll of brand weapon {unknown}
 D - a scroll of magic mapping {unknown}
 F - a scroll of noise {unknown}
 H - a scroll of immolation {unknown}
 I - a scroll of poison {unknown}
Potions
 d - 4 potions of heal wounds {unknown}
 f - 8 potions of mutation {unknown}
 h - 2 potions of attraction {unknown}
 i - a potion of curing
 j - a potion of might {unknown}
 m - a potion of haste {unknown}
 o - a potion of invisibility {unknown}
 z - a potion of brilliance {unknown}
 J - a potion of flight {unknown}
 L - 2 potions of lignification {unknown}
 M - a potion of berserk rage {unknown}


   Skills:
 + Level 7.0 Fighting
 + Level 2.2 Long Blades
 + Level 5.1 Polearms
 + Level 8.7 Slings
 + Level 4.9 Bows
 + Level 1.8 Armour
 + Level 3.3 Dodging
 + Level 3.9 Stealth
 + Level 0.1 Shields


You had 9 spell levels left.
You didn't know any spells.
Your spell library contained the following spells:

 Spells                   Type           Power      Damage    Failure   Level
 Pain                     Necr           0%         1d4       38%         1
 Tukima's Dance           Hex            0%         N/A       77%         3
 Passage of Golubria      Tloc           0%         N/A       99%         4
 Agony                    Necr           0%         N/A       100%        5
 Excruciating Wounds      Necr           0%         N/A       100%        5
 Yara's Violent Unravell  Hex/Tmut       0%         3d3       100%        5


Dungeon Overview and Level Annotations

Branches:
Dungeon (9/15)             Temple (0/1) D:4
   Lair: D:8-11         Orc: D:9-12

Altars:
Ashenzari
Dithmenos
Fedhas
Gozag
Kikubaaqudgha
Nemelex Xobeh
Vehumet
Wu Jian
Yredelemnul

Shops:
D:7 !   D:8 *


Innate Abilities, Weirdness & Mutations

Your serpentine skin is tough. (AC +3)
You have supernaturally acute eyesight. (SInv)
Armour fits poorly on your strangely shaped body.
Your system is resistant to poisons. (rPois)
You cover ground very slowly.
You can spit poison.
You have a snake-like lower body.


Message History

You feel a bond with the +0 long sword of Dismay {spect, Dex+3}.
t - the +0 long sword of Dismay (weapon)
{spect, Dex+3} A red film seems to cover your vision as you go berserk!
You feel yourself moving faster!
You feel mighty!
You feel a strong urge to attack something.
The five-headed hydra bites you! x2
The five-headed hydra bites you but does no damage. x3
You chop one of the five-headed hydra's heads off!
The four-headed hydra grows two more!
You slash the six-headed hydra!
The six-headed hydra is lightly wounded.
You hit the six-headed hydra but do no damage.
The six-headed hydra is lightly wounded.
The six-headed hydra bites you. x2
* * * LOW HITPOINT WARNING * * *
The six-headed hydra bites you but does no damage.
The six-headed hydra bites you.
* * * LOW HITPOINT WARNING * * *
The six-headed hydra misses you. The six-headed hydra barely misses you.
The gnoll closely misses you.
You chop one of the six-headed hydra's heads off!
The five-headed hydra grows two more!
You slash the seven-headed hydra!
The seven-headed hydra is lightly wounded.
You are no longer corroded.
The seven-headed hydra closely misses you.
The seven-headed hydra bites you.
* * * LOW HITPOINT WARNING * * *
The seven-headed hydra misses you. The seven-headed hydra bites you!
* * * LOW HITPOINT WARNING * * *
The seven-headed hydra bites you.
* * * LOW HITPOINT WARNING * * *
The seven-headed hydra bites you.
* * * LOW HITPOINT WARNING * * *
The seven-headed hydra bites you!
* * * LOW HITPOINT WARNING * * *
The gnoll closely misses you.
You slice one of the seven-headed hydra's heads off!
The six-headed hydra grows two more!
You slash the eight-headed hydra!
The eight-headed hydra is lightly wounded.
The eight-headed hydra bites you!
You die...

.... ########.# .... #.#
.... #.# ...). #.# ...#..
#.# ......#### #.#
..g.D)†..# #.#
......#)###########.#####
g..## #.DgD@............#
. #############.##.##
#.##.# ##.##.# #.....#
##.#### #.# .# #.# #.#
###


You could see an eight-headed hydra, an acid dragon and a gnoll.

Vanquished Creatures
  Pikel (D:6)
  A cyclops (D:6)
  2 water moccasins
  2 acid dragons
  3 sky beasts
  An orc warrior (D:7)
  A black bear (D:6)
  An ice beast (D:7)
  3 centaurs
  2 phantoms
  A lemure (D:6)
  3 kobold brigands
  A bullfrog (D:8)
  A gnoll sergeant (D:9)
  A necrophage (D:5)
  3 scorpions (D:6)
  4 wights (D:9)
  A howler monkey (D:6)
  2 jellies
  A gnoll shaman (D:7)
  3 orc priests
  7 hounds
  An iguana (D:6)
  Natasha (thrice) (D:2)
  5 orc wizards
  12 gnolls
  8 adders
  4 white imps
  3 worms
  4 dart slugs
  21 orcs
  6 endoplasms
  2 giant cockroaches
  9 goblins
  8 hobgoblins
  24 kobolds
  4 quokkas
  14 ball pythons
  6 bats
  4 frilled lizards
  5 rats
188 creatures vanquished.

Vanquished Creatures (others)
  A human (D:8)
  3 plants
4 creatures vanquished.

Grand Total: 192 creatures vanquished

Notes
Turn   | Place    | Note
-------+----------+-------------------------------------------
     0 | D:1      | xian the Naga Berserker began the quest for the Orb.
     0 | D:1      | Reached XP level 1. HP: 21/21 MP: 1/1
   124 | D:1      | Reached XP level 2. HP: 23/28 MP: 2/2
   484 | D:1      | Reached ** piety under Trog
   496 | D:1      | Reached XP level 3. HP: 32/34 MP: 3/3
   629 | D:1      | Found a faded altar of an unknown god.
  1172 | D:2      | Reached XP level 4. HP: 35/42 MP: 4/4
  1526 | D:2      | Noticed Natasha
  1537 | D:2      | Killed Natasha
  1972 | D:2      | Noticed Natasha
  1980 | D:2      | Killed Natasha
  1981 | D:2      | Reached XP level 5. HP: 38/50 MP: 5/5
  2055 | D:2      | Noticed Natasha
  2066 | D:2      | Killed Natasha
  2144 | D:3      | Reached skill level 5 in Polearms
  2227 | D:3      | Reached XP level 6. HP: 57/57 MP: 6/6
  2278 | D:3      | Reached *** piety under Trog
  2361 | D:3      | Found an ornate altar of the Wu Jian Council.
  2507 | D:3      | Reached skill level 1 in Stealth
  2887 | D:4      | Reached skill level 1 in Bows
  3084 | D:4      | Found a staircase to the Ecumenical Temple.
  3118 | D:4      | Identified the +0 long sword of Dismay {spect, Dex+3}
  3478 | D:4      | Noticed a water moccasin
  3492 | D:4      | Killed a water moccasin
  3493 | D:4      | Reached XP level 7. HP: 31/66 MP: 7/7
  4013 | D:5      | Entered Level 5 of the Dungeon
  4357 | D:5      | Identified the +9 hunting sling "Acithyts" {venom, rCorr}
  4551 | D:5      | Found a basalt altar of Yredelemnul.
  4809 | D:6      | Reached XP level 8. HP: 73/73 MP: 8/8
  4867 | D:6      | Reached skill level 1 in Slings
  4945 | D:6      | Reached skill level 5 in Fighting
  4995 | D:6      | Noticed Pikel
  5009 | D:6      | Reached skill level 2 in Slings
  5017 | D:6      | Killed Pikel
  5018 | D:6      | Reached skill level 1 in Long Blades
  5018 | D:6      | Reached skill level 4 in Slings
  5088 | D:6      | Found an opulent altar of Gozag.
  5199 | D:6      | Reached XP level 9. HP: 82/82 MP: 9/9
  5221 | D:6      | Reached skill level 5 in Slings
  5435 | D:6      | Noticed a cyclops
  5442 | D:6      | Killed a cyclops
  5443 | D:6      | Reached skill level 6 in Slings
  5773 | D:7      | Found a broken altar of Ashenzari.
  5886 | D:7      | Found a shadowy altar of Dithmenos.
  5928 | D:7      | Reached **** piety under Trog
  5991 | D:7      | Reached skill level 7 in Slings
  6065 | D:7      | Found Mounoroi's Distillery.
  6329 | D:7      | Found a sparkling altar of Nemelex Xobeh.
  6710 | D:8      | Found a radiant altar of Vehumet.
  6837 | D:8      | Found an ancient bone altar of Kikubaaqudgha.
  6842 | D:8      | Found Timm's Changing Room.
  6846 | D:8      | Reached skill level 8 in Slings
  6882 | D:8      | Reached XP level 10. HP: 92/92 MP: 10/10
  6956 | D:8      | Found a blossoming altar of Fedhas.
  7858 | D:9      | Noticed a five-headed hydra
  7871 | D:9      | Slain by an eight-headed hydra

Illustrated notes

Levels and vault maps discovered:
D:1:      dpeg_arrival_boxorama, layout_loops_ring, basic_ecumenical_altar,
          grunt_decor_arrowhead, hangedman_abyss_or_decor_stabs
D:2:      layout_loops_cross, minmay_tromino_mix6, uniq_natasha
D:3:      layout_loops_ring, nzn_wu_jian_council_hall, serial_bayou_pond_c,
          minivault_25, kennysheep_generic_room_7
D:4:      layout_basic, minmay_temple_entry_overgrown
D:5:      layout_basic, mainiacjoe_overflow_concentric_impassable
D:6:      layout_basic, nicolae_gozag_cash_rules_everything_around_me,
          uniq_pikel
D:7:      layout_basic, evilmike_ruin_ashenzari,
          nicolae_dithmenos_through_a_glass_darkly, lemuel_tele_altar,
          serial_shops, shop, serial_bayou_pond_c
D:8:      layout_basic, fedhas_altar_2, tgw_kikubaaqudgha,
          mainiacjoe_overflow_brackets, nicolae_transmutations_shop
D:9:      layout_basic

Skill      XL: |  1  2  3  4  5  6  7  8  9 10 |
---------------+-------------------------------+-----
Polearms       | 4 5 |  5.1
Dodging        | 2 3 |  3.3
Fighting       | 4 5 6 7 |  7.0
Stealth        | 1 2 3 |  3.9
Bows           | 2 4 |  4.9
Slings         | 4 8 |  8.7
Long Blades    | 1 2 |  2.2
Armour         | |  1.8
Shields        | |  0.1

Action                   |  1- 3 |  4- 6 |  7- 9 | 10-12 || total
-------------------------+-------+-------+-------+-------++-------
Melee: Spear             |    79 |    28 |       |       ||   107
       Long sword        |       |       |    18 |     4 ||    22
 Fire: Longbow           |       |    95 |    43 |       ||   138
       Hunting sling     |       |       |   193 |    73 ||   266
Invok: Berserk           |       |       |     1 |     1 ||     2
 Abil: Spit Poison       |    25 |    14 |       |       ||    39
Armor: Animal skin       |    39 |    52 |    52 |    10 ||   153
Dodge: Dodged            |    61 |    56 |    66 |    37 ||   220
       Repelled          |       |       |     3 |     1 ||     4
Block: Buckler           |     1 |     3 |       |       ||     4

Table legend: (Time is in decaauts)
 A = Elapsed time spent in this place.
 B = Non-inter-level travel time spent in this place.
 C = Inter-level travel time spent in this place.
 D = Time resting spent in this place.
 E = Time spent auto-exploring this place.
 F = Levels seen in this place.
 G = Mean time per level.
                   A        B        C        D        E       F      G
               +--------+--------+--------+--------+--------+-----+--------+
         Total |  10293 |  10012 |    281 |      0 |   8053 |   9 | 1143.7 |
       Dungeon |  10293 |  10012 |    281 |      0 |   8053 |   9 | 1143.7 |
               +--------+--------+--------+--------+--------+-----+--------+

Top non-repeatable levels by time:
     D:4: 1539 daAuts
     D:2: 1386 daAuts
     D:7: 1295 daAuts
     D:1: 1205 daAuts
     D:6: 1181 daAuts
     D:3: 1070 daAuts
     D:5: 1027 daAuts
     D:8: 897 daAuts
     D:9: 689 daAuts
